 Dungeon Crawl Stone Soup version 0.30-a0-1123-gabc949cf19 (webtiles) character file.

Game seed: 1463457805889930414

155 voltaire321 the Conjurer (level 5, 0/29 HPs)
             Began as a Deep Elf Conjurer on Apr 22, 2023.
             Slain by a river rat (1 damage)
             ... in a sewer.
             The game lasted 00:07:00 (2834 turns).

voltaire321 the Conjurer (Deep Elf Conjurer)        Turns: 2834, Time: 00:07:01

Health: 0/29       AC:  5    Str:  6    XL:     5   Next: 14%
Magic:  5/13       EV: 14    Int: 23    God:
Gold:   108        SH:  0    Dex: 19    Spells: 9/12 levels left

rFire   . . .        f - +0 dagger
rCold   . . .        (no shield)
rNeg    . . .        a - +0 robe
rPois   .            r - +1 hat
rElec   .            d - +0 cloak
rCorr   .            (no gloves)
SInv    .            c - +0 pair of boots
Will    .....        (no amulet)
Stlth   ++           p - +6 ring of dexterity
HPRegen 0.24/turn    (no ring)
MPRegen 0.13/turn

%: no passive effects
@: very slightly contaminated
A: no striking features
a: no special abilities


You were in a sewer.
You visited 1 branch of the dungeon, and saw 3 of its levels.
You also visited: Sewer.

You collected 108 gold pieces.

Inventory:

Hand Weapons
 f - a +0 dagger (weapon)
Missiles
 o - 5 poisoned darts
Armour
 a - a +0 robe (worn)
 c - a +0 pair of boots (worn)
 d - a +0 cloak (worn)
 r - a +1 hat (worn)
Jewellery
 p - a +6 ring of dexterity (left hand)
Scrolls
 b - a scroll of magic mapping {unknown}
 g - 3 scrolls of fog {unknown}
 h - 3 scrolls of identify {unknown}
 j - 2 scrolls of vulnerability {unknown}
 l - a scroll of enchant weapon {unknown}
 m - a scroll of silence {unknown}
Potions
 i - 2 potions of might {unknown}
 k - 2 potions of curing
 n - 2 potions of cancellation {unknown}
 q - a potion of attraction {unknown}


   Skills:
 + Level 1.5 Fighting
 + Level 1.5 Armour
 + Level 3.5 Dodging
 - Level 2.4 Stealth
 + Level 4.2 Spellcasting
 + Level 5.0 Conjurations


You had 9 spell levels left.
You knew the following spells:

 Your Spells              Type           Power      Damage    Failure   Level
a - Magic Dart            Conj           100%       1d8       1%          1
b - Searing Ray           Conj           56%        2d6       1%          2

Your spell library contained the following spells:

 Spells                   Type           Power      Damage    Failure   Level
 Foxfire                  Conj/Fire      64%        2x1d7     3%          1
 Dazzling Flash           Conj/Hex       32%        N/A       11%         3
 Fulminant Prism          Conj/Hex       8%         3d7       36%         4
 Iskenderun's Mystic Bla  Conj/Tloc      16%        2d5       36%         4
 Fireball                 Conj/Fire      8%         3d6       71%         5
 Starburst                Conj/Fire      8%         6d4       99%         6
 Plasma Beam              Fire/Air       2%         2x1d13    100%        6


Dungeon Overview and Level Annotations

Branches:
Dungeon (3/15)              Sewer (1/1)

Altars:

Shops:
D:3 (


Message History

Aim: a river rat (77% to hit)
You miscast Searing Ray.
You are very lightly contaminated with residual magic.
Nothing appears to happen.
The river rat bites you. The river rat bites you.
Casting: Searing Ray (safe; 1% risk of failure)
Confirm with . or Enter, or press ? or * to list all spells.
Aiming: Searing Ray (safe; 1% risk of failure)
Press: ? - help, Shift-Dir - straight line, f/p - river rat
Aim: a river rat (77% to hit)
The searing ray hits the river rat but does no damage. (Press . to maintain the ray.)
The river rat barely misses you. The river rat bites you. x2
* * * LOW HITPOINT WARNING * * *
The searing ray hits the river rat.
The river rat is heavily wounded.
The river rat closely misses you. The river rat misses you.
The river rat barely misses you.
The searing ray hits the river rat!
You kill the river rat!
The searing ray misses the river rat.
The river rat closely misses you.
The river rat bites you but does no damage.
The searing ray hits the river rat but does no damage.
You finish channelling your searing ray.
The river rat bites you.
* * * LOW HITPOINT WARNING * * *
The river rat bites you!
* * * LOW HITPOINT WARNING * * *
The river rat barely misses you.
Casting: Searing Ray (safe; 1% risk of failure)
Confirm with . or Enter, or press ? or * to list all spells.
Aiming: Searing Ray (safe; 1% risk of failure)
Press: ? - help, Shift-Dir - straight line, f - river rat
Aim: a river rat (77% to hit)
The searing ray hits the river rat.
The river rat is lightly wounded. (Press . to maintain the ray.)
The river rat closely misses you. The river rat barely misses you.
The river rat bites you.
You die...

.~.~~.~~~~~..~.~~~†.~~~~~..~~~~.~
≈≈≈≈≈≈≈≈≈≈≈≈≈≈≈≈≈≈≈≈≈≈≈≈≈≈≈≈≈≈≈≈≈
~~.~~~~~~~~~~~~~.~.~~~~~~~~....~~
~#####~≈~#######################~
~# #~≈~# ###### ###### #~ .#
#~≈~# #....# #....# #~ ÷# #~≈~#
#####''#####''#####~ ~# #.≈~#
#∩.rr...........†.~~ ~#
#∩.@r...........†~~~ ~#
#####''#####?'#####~ ~# ....#
#!..!# #~ ~# ###### ###### #~ ~#
#~ ~# ~~ ~# ≈≈. ~# .~~ ~#


You could see 3 river rats.

Vanquished Creatures
  4 river rats
  5 adders
  A dart slug (D:3)
  9 bats
  5 endoplasms
  5 giant cockroaches
  8 goblins
  6 hobgoblins
  5 jackals
  3 quokkas
  8 ball pythons
  9 frilled lizards
  2 kobolds
  2 rats
72 creatures vanquished.

Notes
Turn   | Place    | Note
-------+----------+-------------------------------------------
     0 | D:1      | voltaire321 the Deep Elf Conjurer began the quest for the
                  | Orb.
     0 | D:1      | Reached XP level 1. HP: 10/10 MP: 6/6
   293 | D:1      | Reached XP level 2. HP: 16/16 MP: 4/8
  1051 | D:1      | Reached XP level 3. HP: 20/20 MP: 5/9
  1133 | D:1      | Learned a level 2 spell: Searing Ray
  1672 | D:2      | Reached skill level 1 in Fighting
  1672 | D:2      | Reached skill level 1 in Armour
  2136 | D:3      | Found Fiescheny's Weapon Shoppe.
  2189 | D:3      | Reached XP level 4. HP: 25/25 MP: 5/11
  2277 | D:3      | Found a glowing drain.
  2281 | Sewer    | Entered a sewer
  2712 | Sewer    | Reached skill level 5 in Conjurations
  2715 | Sewer    | Reached XP level 5. HP: 14/29 MP: 3/13
  2833 | Sewer    | HP: 1/29 [river rat (7)]
  2834 | Sewer    | Slain by a river rat

Illustrated notes

Levels and vault maps discovered:
D:1:      minmay_arrival_checkered_box, layout_basic, serial_co_window_serial,
          co_window_of_opportunity_a, co_window_paths_b, co_window_paths_b,
          co_window_paths_a, co_window_cross_1, co_window_corner_a,
          co_window_corner_a, co_window_corner_b, co_window_corner_cb,
          co_window_2corner, co_window_2corner, co_window_sun, glass_columns_a,
          glass_columns_a, glass_columns_a, glass_columns_b, glass_columns_b
D:2:      layout_basic
D:3:      layout_rooms, serial_shops, shop, gup_sewer_entry_bowl
Sewer:    sewer_fruit_machine

Skill      XL: |  1  2  3  4 |
---------------+-------------+-----
Fighting       | 1 |  1.5
Armour         | 1 |  1.5
Dodging        | 3 |  3.5
Spellcasting   | 4 |  4.2
Conjurations   | 5 |  5.0
Stealth        | |  2.4

Action                     |  1- 3 |  4- 6 || total
---------------------------+-------+-------++-------
  Melee: Dagger            |     4 |    14 ||    18
   Cast: Magic Dart        |    77 |    25 ||   102
         Searing Ray       |     3 |    11 ||    14
    Use: Potion            |       |     2 ||     2
 Armour: Robe              |     2 |    13 ||    15
  Dodge: Dodged            |    11 |    38 ||    49

Table legend: (Time is in decaauts)
 A = Elapsed time spent in this place.
 B = Non-inter-level travel time spent in this place.
 C = Inter-level travel time spent in this place.
 D = Time resting spent in this place.
 E = Time spent auto-exploring this place.
 F = Levels seen in this place.
 G = Mean time per level.
                   A        B        C        D        E       F      G
               +--------+--------+--------+--------+--------+-----+--------+
         Total |   2890 |   2813 |     77 |    512 |   1678 |   4 |  722.5 |
       Dungeon |   2284 |   2207 |     77 |    199 |   1544 |   3 |  761.3 |
         Sewer |    605 |    605 |      0 |    313 |    134 |   1 |  605.0 |
               +--------+--------+--------+--------+--------+-----+--------+

Top non-repeatable levels by time:
     D:1: 1232 daAuts
     D:2: 866 daAuts
   Sewer: 605 daAuts
     D:3: 185 daAuts
